Map: Sludge City

Players

Nerchio - Winner!

  • Race: Zerg Zerg
  • Spawn Location: 11:00

Lillekanin

  • Race: Terran Terran
  • Spawn Location: 5:00

Night

  • Race: Zerg Zerg
  • League: Master
  • Spawn Location: 5:00

Elazer - Winner!

  • Race: Zerg Zerg
  • League: Master
  • Spawn Location: 9:00

VOD

Have the link to the VOD?

Description

Time

  • Played on: Aug. 23, 2016, 1:54 p.m.
  • Length: 21:05
Show
View Real Time Build Order
Export as new Build Order

Nerchio Zerg - Winner!

Build Orders: Hatch First, Roach Nydus 

Get SALT Encoding   

  12  0:00  Drone  
  13  0:13  Overlord  
  13  0:18  Drone  
  14  0:32  Drone x2  
  16  0:35  Drone  
  17  0:54  Hatchery  
  16  0:57  Drone  
  16  1:00  Drone  
  18  1:07  Extractor  
  17  1:17  Spawning Pool  
  16  1:21  Drone  
  16  1:24  Drone  
  18  1:29  Drone  
  19  1:39  Overlord  
  19  1:51  Drone  
  20  2:04  Queen  
  20  2:06  Queen  
  24  2:10  Drone  
  24  2:11  Drone x2  
  27  2:17  Zergling x2  
  28  2:25  Roach Warren  
  27  2:30  Drone x2  
  27  2:33  Drone  
  30  2:38  Metabolic Boost  
  30  2:42  Drone  
  31  2:46  Overlord  
  31  2:52  Overlord  
  31  3:13  Roach x7  
  45  3:22  Roach  
  47  3:30  Roach  
  47  3:31  Overlord x2  
  49  3:36  Zergling x4  
  51  3:43  Zergling x2  
  52  3:49  Zergling x8  
  52  3:50  Zergling x6  
  58  4:03  Queen, Zergling x4  
  58  4:07  Lair  
  62  4:13  Zergling x4  
  64  4:19  Zergling x8  
  58  4:39  Queen, Zergling x8  
  54  4:47  Drone x2  
  54  4:50  Drone x2  
  50  4:54  Extractor  
  50  4:58  Spore Crawler  
  50  4:59  Spore Crawler  
  45  5:04  Queen  
  47  5:07  Roach  
  47  5:08  Roach  
  51  5:16  Roach x2  
  54  5:22  Roach  
  54  5:25  Queen  
  60  5:32  Overseer  
  50  5:43  Queen  
  50  5:44  Drone x4  
  50  5:48  Drone  
  57  5:50  Nydus Network, Drone x2  
  57  5:51  Drone x2  
  57  5:52  Drone x2  
  62  6:07  Queen  
  64  6:11  Extractor  
  64  6:12  Overlord x2  
  64  6:13  Extractor  
  61  6:27  Nydus Canal  
  61  6:30  Overlord x2  
  61  6:33  Overseer  
  61  6:36  Roach  
  61  6:37  Roach x4  
  73  6:40  Roach  
  73  6:41  Nydus Canal  
  73  6:50  Roach  
  73  6:51  Roach x3  
  80  7:02  Nydus Canal  
  78  7:25  Nydus Canal  
  78  7:26  Queen x2  
  78  7:27  Drone  
  78  7:28  Drone x4  
  81  7:30  Hatchery  
  80  7:45  Glial Reconstitution  
  80  7:54  Drone x4  
  80  7:55  Drone  
  85  7:59  Overlord  
  85  8:09  Queen x2  
  89  8:20  Drone x2  
  89  8:21  Drone x2  
  89  8:22  Extractor, Drone x3  
  89  8:23  Extractor, Drone  
  95  8:29  Roach  
  97  8:36  Roach  
  97  8:37  Overlord  
  97  8:40  Overlord  
  99  8:44  Overlord  
  99  8:48  Overlord  
  99  8:52  Roach  
  101  8:58  Roach x3  
  101  9:02  Roach x2  
  111  9:06  Roach  
  111  9:07  Roach  
  92  9:13  Roach x2  
  92  9:14  Roach  
  92  9:16  Roach  
  98  9:20  Roach  
  98  9:21  Roach  
  102  9:25  Roach x2  
  102  9:27  Roach  
  108  9:38  Roach x3  
  106  9:40  Roach x2  
  106  9:41  Roach  
  100  9:48  Roach x2  
  100  10:02  Roach  
  100  10:03  Roach  
  100  10:04  Roach  
  104  10:15  Nydus Canal  
  104  10:20  Roach x5  
  114  10:22  Roach  
  114  10:26  Roach  
  114  10:27  Roach  
  120  10:34  Roach x3  
  120  10:42  Roach  
  114  10:53  Roach  
  114  10:54  Roach x4  
  110  10:59  Roach x2  
  107  11:05  Spore Crawler, Drone  
  107  11:07  Drone  
  107  11:10  Ravager  
  107  11:11  Ravager x2  
  107  11:12  Ravager  
  108  11:21  Nydus Canal  
  108  11:24  Drone  
  97  11:42  Roach x6  
  103  11:47  Drone x2  
  103  11:51  Drone  
  103  11:52  Drone  
  107  11:56  Drone  
  107  12:00  Drone  
  109  12:04  Drone  
  109  12:11  Infestation Pit  
  108  12:22  Roach x2  
  112  12:26  Roach  
  114  12:33  Overlord  
  114  12:40  Overlord  
  114  12:47  Overlord  
  114  12:55  Ravager x4  
  114  12:58  Roach x2  
  122  13:02  Roach  
  122  13:10  Roach x2  
  122  13:11  Roach  
  113  13:15  Roach  
  110  13:22  Roach  
  110  13:23  Roach  
  110  13:25  Roach  
  109  13:29  Roach  
  109  13:32  Roach  
  91  13:38  Roach  
  85  13:41  Roach  
  85  13:42  Roach  
  79  13:52  Infestor  
  79  13:53  Infestor  
  83  14:00  Roach x2  
  83  14:02  Roach  
  89  14:06  Roach  
  89  14:09  Roach  
  93  14:13  Roach  
  93  14:16  Infestor  
  97  14:20  Roach  
  99  14:25  Roach  
  99  14:26  Roach x3, Queen  
  99  14:27  Roach  
  99  14:28  Pathogen Glands  
  111  14:34  Evolution Chamber  
  111  14:35  Infestor x2, Evolution Chamber  
  113  14:39  Roach  
  113  14:43  Roach  
  117  14:46  Roach  
  117  14:49  Roach  
Show
View Real Time Build Order
Export as new Build Order

Lillekanin Terran 

Build Orders: Reaper Expand, Hellion Banshee, Mech 

Get SALT Encoding   

  12  0:00  SCV  
  13  0:12  SCV  
  14  0:17  Supply Depot  
  14  0:25  SCV  
  15  0:30  Refinery  
  15  0:39  SCV  
  16  0:45  Barracks  
  16  0:51  SCV  
  17  1:03  SCV  
  18  1:15  SCV  
  19  1:32  Orbital Command, Reaper  
  20  1:48  Command Center  
  20  1:58  Factory  
  21  2:01  SCV  
  21  2:07  Barracks Reactor  
  21  2:13  SCV  
  22  2:18  Supply Depot  
  22  2:24  Refinery  
  22  2:25  SCV  
  23  2:40  SCV  
  24  2:47  Starport  
  24  2:52  SCV  
  25  3:00  Barracks Tech Lab  
  25  3:02  Hellion  
  25  3:04  SCV  
  25  3:05  Hellion  
  30  3:11  Orbital Command  
  30  3:16  SCV  
  31  3:23  Hellion  
  33  3:28  SCV  
  33  3:31  Banshee  
  33  3:32  Cloaking Field  
  37  3:36  Hellion  
  37  3:37  SCV  
  37  3:40  SCV  
  41  3:46  Hellion  
  43  3:49  Supply Depot, SCV  
  44  3:58  Barracks Tech Lab  
  44  4:01  Factory, SCV  
  45  4:05  Supply Depot  
  45  4:19  Hellion  
  37  4:32  Hellion  
  37  4:35  Banshee, SCV  
  37  4:38  SCV  
  37  4:41  Hellion  
  39  4:47  SCV  
  39  4:50  SCV  
  40  4:56  Infernal Pre-Igniter  
  40  4:59  SCV, Hellion  
  43  5:02  SCV  
  44  5:11  Marine, SCV  
  44  5:12  Armory  
  46  5:14  SCV  
  46  5:17  Hellion  
  47  5:23  SCV  
  47  5:24  Hellion  
  50  5:31  Banshee  
  50  5:33  SCV  
  50  5:35  SCV  
  53  5:38  Barracks Reactor  
  53  5:45  SCV  
  53  5:47  SCV  
  55  5:53  Command Center  
  55  5:57  SCV  
  55  5:58  Refinery x2  
  55  5:59  SCV  
  57  6:09  SCV  
  57  6:10  Factory  
  58  6:11  SCV  
  58  6:24  Liberator, Hellion x2  
  60  6:27  SCV  
  60  6:31  SCV  
  62  6:41  Hellion  
  62  6:42  Supply Depot x3  
  62  6:43  Supply Depot  
  62  6:46  Hellion  
  69  6:47  Command Center  
  69  6:51  Hellion  
  70  6:55  Liberator, Factory Tech Lab  
  70  7:07  Siege Tank  
  70  7:15  Hellion x8  
  70  7:18  SCV  
  71  7:23  SCV  
  72  7:30  SCV  
  72  7:35  SCV  
  72  7:36  Hellion x2  
  78  7:40  Factory Tech Lab  
  78  7:42  SCV  
  79  7:47  SCV  
  80  7:54  SCV  
  84  7:59  Starport Reactor  
  84  8:03  Factory  
  84  8:05  SCV  
  85  8:09  Engineering Bay  
  85  8:10  Siege Tank  
  88  8:21  Engineering Bay  
  88  8:22  Liberator  
  88  8:26  Thor  
  91  8:30  Widow Mine x2  
  79  8:42  Thor  
  79  8:46  Missile Turret  
  64  8:52  Liberator  
  58  8:58  SCV x2  
  58  8:59  Widow Mine  
  58  9:02  SCV, Missile Turret  
  63  9:12  SCV  
  63  9:16  SCV  
  50  9:27  Planetary Fortress  
  50  9:31  Orbital Command  
  51  9:38  SCV x2  
  51  9:43  Liberator  
  51  9:44  Liberator  
  54  9:55  Missile Turret  
  58  10:10  Missile Turret  
  52  10:17  Thor  
  52  10:19  Widow Mine x2  
  52  10:20  Widow Mine  
  64  10:28  SCV x2  
  64  10:29  Liberator x2  
  55  11:12  Liberator  
  55  11:15  Liberator  
  55  11:18  SCV  
  55  11:25  SCV x2  
  64  11:33  SCV  
  64  11:34  SCV  
  64  11:37  SCV  
  67  11:46  SCV  
  68  11:49  SCV  
  67  11:55  Liberator  
  67  11:58  Liberator, SCV  
  68  12:02  Command Center  
  56  12:32  SCV x2  
  59  12:44  SCV x2, Widow Mine  
  62  12:56  SCV x2  
  64  13:12  Liberator  
  34  13:43  SCV  
  34  13:44  Thor  
  34  13:46  SCV  
  30  13:56  Liberator, SCV  
  30  14:00  SCV  
  31  14:09  SCV  
  30  14:15  SCV  
  30  14:16  Liberator  
  34  14:25  SCV  
  31  14:51  SCV  
Show
View Real Time Build Order
Export as new Build Order

Night Zerg 

Build Orders: Hatch First 

Get SALT Encoding   

  12  0:01  Drone  
  13  0:13  Overlord  
  13  0:19  Drone  
  14  0:31  Drone x2  
  14  0:35  Drone  
  17  0:54  Hatchery  
  17  0:56  Drone  
  17  1:00  Drone  
  18  1:07  Extractor  
  17  1:16  Spawning Pool  
  16  1:18  Drone  
  16  1:22  Drone  
  18  1:33  Drone  
  19  1:41  Overlord  
  19  1:52  Drone  
  20  2:03  Queen  
  20  2:04  Drone  
  20  2:06  Queen  
  25  2:09  Drone  
  25  2:14  Metabolic Boost  
  26  2:17  Drone  
  26  2:19  Drone  
  28  2:23  Drone  
  28  2:28  Drone  
  30  2:33  Drone  
  31  2:40  Hatchery  
  30  2:46  Drone  
  30  2:47  Drone  
  30  2:49  Overlord  
  32  2:56  Extractor, Drone  
  32  3:03  Overlord  
  32  3:09  Zergling x2, Roach Warren  
  32  3:11  Zergling x2  
  33  3:14  Zergling x8  
  33  3:15  Zergling x2  
  33  3:16  Zergling x2  
  33  3:19  Overlord  
  39  3:26  Drone  
  40  3:37  Overlord  
  40  3:38  Drone  
  41  3:42  Drone  
  41  3:48  Evolution Chamber  
  41  3:51  Roach x2  
  41  3:52  Roach x4  
  53  3:57  Roach x2  
  53  4:00  Roach  
  61  4:03  Roach  
  61  4:06  Roach  
  63  4:16  Roach x3  
  62  4:18  Zergling x2  
  62  4:19  Zergling x4  
  64  4:24  Zergling x4  
  64  4:25  Zergling x2  
  67  4:31  Zergling x4  
  67  4:32  Zergling x2  
  67  4:34  Zergling x2  
  71  4:39  Zergling x4  
  71  4:42  Zerg Missile Weapons Level 1  
  71  4:44  Drone  
  63  4:46  Drone  
  63  4:51  Drone x2  
  63  5:03  Drone x3  
  63  5:05  Queen  
  68  5:07  Drone  
  69  5:19  Overlord  
  69  5:20  Drone x3  
  69  5:21  Drone  
  73  5:27  Lair  
  67  5:29  Overlord, Extractor  
  67  5:30  Extractor  
  62  5:36  Drone x5  
  66  5:54  Evolution Chamber  
  66  5:55  Drone x4  
  66  5:56  Drone x5  
  74  6:02  Drone x2  
  76  6:06  Drone  
  77  6:12  Drone x3  
  77  6:13  Drone x2  
  77  6:18  Overlord  
  82  6:19  Extractor, Drone  
  82  6:20  Extractor, Drone, Hatchery  
  82  6:21  Drone x2  
  82  6:22  Drone x2  
  85  6:26  Ravager  
  85  6:27  Zerg Ground Armor Level 1, Glial Reconstitution  
  86  6:39  Roach x4  
  94  6:44  Roach  
  94  6:45  Overlord  
  96  6:51  Roach  
  96  6:52  Roach  
  97  6:59  Overlord  
  97  7:03  Zerg Missile Weapons Level 2, Overlord  
  97  7:09  Roach x4  
  105  7:17  Overlord  
  105  7:22  Overlord  
  104  7:30  Overlord  
  104  7:37  Overlord  
  104  7:43  Overlord  
  104  7:44  Roach x3  
  104  7:45  Roach x7  
  104  7:49  Queen  
  126  7:52  Overlord  
  126  7:59  Roach x6  
  126  8:00  Roach x2  
  142  8:06  Roach x2  
  142  8:11  Overlord  
  146  8:14  Ravager  
  146  8:19  Roach x5  
  157  8:23  Spore Crawler  
  157  8:24  Hatchery  
  155  8:28  Infestation Pit  
  155  8:30  Roach x6  
  166  8:37  Spore Crawler  
  166  8:40  Roach x2  
  169  8:44  Overlord x2  
  169  8:46  Zerg Ground Armor Level 2  
  169  8:55  Spore Crawler  
  166  9:05  Roach  
  166  9:06  Roach x7  
  133  9:41  Roach x11  
  133  9:42  Roach x4  
  126  9:53  Roach x4  
  126  9:55  Spore Crawler  
  125  10:04  Roach x4  
  126  10:07  Pathogen Glands  
  126  10:11  Spore Crawler  
  124  10:22  Drone x4  
  124  10:23  Drone x2  
  128  10:31  Roach x4  
  101  10:50  Roach  
  101  10:51  Roach x7  
  99  11:01  Roach x3  
  101  11:07  Spore Crawler, Infestor x4  
  102  11:13  Infestor  
  102  11:19  Drone x3  
  105  11:31  Drone x4  
  105  11:32  Drone  
  108  12:00  Roach  
  118  12:01  Roach x7  
  122  12:12  Overlord  
  122  12:13  Roach x3  
  124  12:22  Roach x3  
  129  12:26  Ravager x3  
  129  12:27  Ravager x2  
  129  12:28  Ravager  
  129  12:29  Ravager  
  134  12:40  Roach x3  
  134  12:42  Drone  
  141  12:46  Ravager x2  
  141  12:47  Ravager x3  
  148  12:51  Roach  
  115  13:19  Roach x9  
  97  13:28  Roach x3  
  86  13:44  Roach x2  
  86  13:45  Roach x2  
  84  13:50  Roach  
  84  13:51  Roach  
  84  13:54  Ravager x4  
  84  13:55  Ravager x2  
  93  14:00  Ravager  
  95  14:07  Roach x2  
  99  14:18  Overseer  
  99  14:27  Roach x5  
  109  14:38  Roach x3  
  115  14:47  Roach x2  
Show
View Real Time Build Order
Export as new Build Order

Elazer Zerg - Winner!

Build Orders: Pool First, Zergling Baneling 

Get SALT Encoding   

  12  0:00  Drone  
  13  0:12  Overlord  
  13  0:17  Drone  
  14  0:30  Drone  
  14  0:32  Drone  
  14  0:35  Drone  
  17  0:45  Extractor  
  17  0:48  Drone  
  17  0:50  Spawning Pool  
  17  0:56  Drone  
  17  1:06  Drone  
  18  1:20  Hatchery  
  17  1:29  Drone  
  17  1:30  Overlord  
  18  1:40  Zergling x2  
  18  1:44  Queen  
  21  1:50  Metabolic Boost  
  21  1:55  Zergling x2  
  22  2:04  Drone  
  23  2:16  Zergling x2  
  23  2:21  Queen  
  26  2:30  Drone  
  26  2:36  Drone  
  28  2:39  Drone  
  28  2:43  Drone  
  30  2:49  Roach Warren  
  30  2:50  Baneling Nest  
  29  2:55  Zergling x10  
  34  3:04  Overlord  
  34  3:16  Drone x2  
  36  3:27  Hatchery  
  34  3:37  Zergling x16  
  41  3:44  Zergling x4  
  43  3:53  Zergling x2  
  43  3:57  Zergling x2  
  43  4:02  Baneling x3  
  44  4:03  Baneling  
  44  4:07  Baneling  
  44  4:08  Baneling x3  
  44  4:13  Overlord  
  44  4:14  Queen  
  42  4:19  Zergling x4  
  43  4:28  Zergling x2  
  43  4:29  Zergling x6  
  40  4:35  Zergling x6  
  39  4:42  Drone x2  
  39  4:43  Drone  
  41  4:46  Drone x4  
  41  4:48  Drone x2  
  41  4:51  Lair  
  47  4:58  Drone  
  48  5:00  Evolution Chamber  
  48  5:03  Drone x2  
  49  5:09  Overlord  
  49  5:10  Drone x2  
  49  5:13  Spore Crawler  
  49  5:14  Spore Crawler  
  48  5:25  Drone x4  
  48  5:27  Queen  
  52  5:28  Drone  
  52  5:35  Drone  
  52  5:36  Drone x3  
  52  5:38  Drone x3  
  54  5:45  Drone x3  
  57  5:57  Extractor  
  57  5:58  Queen, Extractor  
  57  5:59  Extractor  
  57  6:00  Drone  
  57  6:02  Drone x2  
  57  6:03  Drone x2  
  57  6:04  Drone x2  
  63  6:08  Drone  
  63  6:09  Extractor x2  
  62  6:13  Drone  
  62  6:15  Drone  
  62  6:16  Drone x2  
  62  6:17  Overlord x2  
  66  6:24  Overlord  
  66  6:33  Spire  
  66  6:37  Overseer  
  65  6:42  Drone x3  
  65  6:43  Spore Crawler, Drone x4  
  71  6:49  Overlord  
  71  6:52  Overseer  
  71  6:56  Overlord  
  71  7:03  Overlord  
  71  7:05  Hatchery  
  71  7:06  Zerg Melee Weapons Level 1, Zergling x2  
  71  7:07  Zergling x14  
  78  7:34  Overlord  
  78  7:44  Mutalisk  
  78  7:45  Mutalisk x9  
  78  7:50  Mutalisk  
  78  7:51  Mutalisk  
  99  7:54  Mutalisk x2  
  100  7:58  Overlord  
  100  8:04  Zerg Flyer Armor Level 1  
  100  8:07  Mutalisk  
  100  8:08  Extractor  
  100  8:12  Overlord, Extractor  
  100  8:17  Mutalisk x4  
  109  8:20  Drone x7  
  109  8:26  Mutalisk  
  115  8:28  Overlord  
  115  8:32  Zergling x2  
  115  8:33  Zergling x12  
  122  8:47  Mutalisk x3  
  128  8:58  Mutalisk x3  
  128  9:01  Zergling x2  
  128  9:02  Zergling x8  
  126  9:07  Mutalisk  
  128  9:12  Queen x2, Overlord  
  128  9:13  Queen  
  128  9:15  Mutalisk x2  
  132  9:22  Mutalisk  
  115  9:27  Mutalisk  
  115  9:29  Zergling x14  
  116  9:40  Drone x7  
  120  9:48  Overlord  
  118  9:53  Mutalisk x2  
  121  10:01  Mutalisk x3  
  121  10:06  Mutalisk x2  
  121  10:07  Mutalisk, Hatchery  
  124  10:13  Zerg Flyer Weapons Level 1  
  123  10:14  Drone  
  123  10:15  Drone x4  
  123  10:16  Drone x2  
  130  10:23  Overseer  
  130  10:25  Pneumatized Carapace  
  130  10:29  Drone x2  
  130  10:34  Drone x2  
  134  10:45  Drone  
  134  10:46  Drone x2  
  133  10:56  Mutalisk x3  
  139  11:03  Drone x2  
  139  11:04  Drone x2  
  143  11:05  Drone x2  
  143  11:07  Drone  
  146  11:16  Drone x2  
  148  11:21  Overlord  
  148  11:24  Overlord  
  148  11:28  Overlord  
  148  11:29  Mutalisk x3  
  154  11:37  Overlord  
  154  11:41  Mutalisk x3, Overlord  
  160  11:53  Hatchery  
  157  12:04  Drone  
  157  12:05  Drone x11  
  157  12:06  Drone  
  157  12:08  Drone  
  169  12:22  Mutalisk x7  
  153  12:27  Drone x5  
  172  12:30  Overlord  
  172  12:35  Overlord  
  172  12:36  Zerg Flyer Armor Level 2  
  172  12:42  Overlord  
  172  12:43  Zergling x6  
  175  12:52  Zergling x2  
  175  12:53  Zergling x10  
  181  13:01  Mutalisk x4  
  116  13:27  Mutalisk x4  
  116  13:28  Mutalisk  
  116  13:29  Zergling x2  
  116  13:30  Zergling x20  
  131  13:40  Mutalisk x2  
  130  13:44  Zergling x8  
  130  13:49  Mutalisk  
  132  13:57  Mutalisk x4  
  132  14:01  Mutalisk  
  142  14:03  Drone x5  
  147  14:11  Overlord  
  144  14:17  Mutalisk x2  
  144  14:21  Zergling x12  
  154  14:29  Extractor  
  154  14:31  Extractor  
  152  14:37  Hatchery  
  147  14:49  Hatchery  
  147  14:50  Hatchery  
  147  14:51  Mutalisk x4  
  150  14:54  Mutalisk x3  
Tags
 
Add a new tag
Caveats
  • Supply blocks, unpowered buildings, or Contaminate may cause inaccurate times.
  • Supply counts are checked every 10 seconds.